 Dungeon Crawl Stone Soup version 0.24.0-125-gc4c63601f3 (webtiles) character file.

Game seed: 6944563511569188985, levelgen mode: deterministic

86 Dustman the Skirmisher (level 4, 0/40 HPs)
             Began as a Ghoul Monk on Mar 9, 2020.
             Killed from afar by Ijyb (15 damage)
             ... with a bolt of acid
             ... on level 4 of the Dungeon.
             The game lasted 00:09:08 (1084 turns).

Dustman the Skirmisher (Ghoul Monk)                 Turns: 1084, Time: 00:09:08

Health: 0/40       AC: -4    Str: 14    XL:     4   Next: 50%
Magic:  0/3        EV: 13    Int:  5    God:
Gold:   83         SH:  0    Dex: 12    Spells: 3/3 levels left

rFire    . . .     SeeInvis .   a - +0 hand axe
rCold    + . .     Gourm    .   (no shield)
rNeg     + + +     Faith    .   g - +0 leather armour
rPois    ∞         Spirit   +   (no helmet)
rElec    .         Reflect  .   p - scarf {Spirit}
rCorr    .         Harm     .   (no gloves)
MR       .....                  (no boots)
Stlth    ++........             (no amulet)
HPRegen  0.00/turn              (no ring)
MPRegen  0.08/turn              (no ring)

@: corroded, rotting
A: rotting body, claws 1, carnivore, cold resistance 1, negative energy
resistance 3, inhibited regeneration, torment resistance, unbreathing
a: no special abilities


You were on level 4 of the Dungeon.
You were not hungry.

You visited 1 branch of the dungeon, and saw 4 of its levels.

You collected 83 gold pieces.

Inventory:

Hand Weapons
 a - a +0 hand axe (weapon)
Armour
 b - a +0 robe
 g - a +0 leather armour (worn)
 p - a scarf of spirit shield (worn)
Scrolls
 d - a scroll of blinking {unknown}
 f - 3 scrolls of amnesia {unknown}
 h - 4 scrolls of identify {unknown}
 i - a scroll of immolation {unknown}
 j - a scroll of noise {unknown}
 k - a scroll of remove curse {unknown}
 l - a scroll of teleportation {unknown}
Potions
 m - a potion of agility {unknown}
Comestibles
 c - 3 rations
 n - 3 chunks of flesh


   Skills:
 + Level 4.0 Fighting
 + Level 3.3 Axes
 + Level 1.5 Armour
 + Level 3.3 Dodging
 - Level 2.1 Stealth


You had 3 spell levels left.
You didn't know any spells.
Your spell library was empty.

Dungeon Overview and Level Annotations

Branches:
Dungeon (4/15)
 Temple: D:4-7

Altars:

Annotations:
D:2 Sigmund
D:4 Ijyb


Innate Abilities, Weirdness & Mutations

Your body is rotting away.
You thrive on raw meat.
You are immune to poison.
You have sharp fingernails.
You are carnivorous and can eat meat at any time.
Your flesh is cold resistant. (rC+)
You are immune to negative energy. (rN+++)
You do not regenerate when monsters are visible.
You are immune to unholy pain and torment.
You can survive without breathing.


Message History

Ijyb is lightly wounded.
Ijyb hits you.
The frilled lizard hisses angrily.
You hit Ijyb but do no damage.
Ijyb is lightly wounded.
Ijyb zaps a wand.
The bolt of acid hits you! The acid corrodes you!
You are splashed with acid!
* * * LOW HITPOINT WARNING * * *
It was a potion of heal wounds.
You feel much better.
Ijyb screams, "Die!"
Ijyb zaps a wand.
The bolt of acid hits you!!
Ouch! That really hurt!
* * * LOW HITPOINT WARNING * * *
The acid corrodes you!
You are splashed with acid!
* * * LOW HITPOINT WARNING * * *
You feel better. Ijyb barely misses you.
You feel better.
Ijyb zaps a wand.
The bolt of acid misses you.
Ijyb screams, "You nasty!
Big nasty!"
Ijyb zaps a wand.
The bolt of acid hits you!
You die...

.....
..[.###
.....##
#.....
....#
.l. #g#
#.#
###@###
#.....#
#.....#
#.....#
#..<..#
#.....#
#.....#
#######


You could see Ijyb and a leopard gecko.

Vanquished Creatures
  4 adders
  2 oozes
  A dart slug (D:1)
  A leopard gecko (D:1)
  4 bats
  2 giant cockroaches (D:1)
  3 hobgoblins (D:1)
  2 jackals (D:2)
  A quokka (D:3)
  A ball python (D:1)
  A frilled lizard (D:1)
  5 goblins
  7 kobolds
  7 rats
41 creatures vanquished.

Notes
Turn   | Place    | Note
-------+----------+-------------------------------------------
     0 | D:1      | Dustman the Ghoul Monk began the quest for the Orb.
     0 | D:1      | Reached XP level 1. HP: 19/19 MP: 0/0
    30 | D:1      | Reached XP level 2. HP: 18/26 MP: 1/1
   240 | D:1      | Reached XP level 3. HP: 23/31 MP: 2/2
   294 | D:1      | Reached skill level 1 in Armour
   515 | D:2      | Noticed Sigmund
   669 | D:2      | Reached XP level 4. HP: 14/39 MP: 3/3
   974 | D:3      | Reached skill level 4 in Fighting
  1072 | D:4      | Noticed Ijyb
  1084 | D:4      | Killed from afar by Ijyb

Levels and vault maps discovered:
D:1:      sevenhm_arrival_forest_fort_small_4, layout_rooms
D:2:      layout_loops_ring, uniq_sigmund
D:3:      layout_loops_corners, nicolae_overflow_hidden_temple, first_ration
D:4:      layout_basic, uniq_ijyb

Skill      XL: |  1  2  3  4 |
---------------+-------------+-----
Axes           | 3 |  3.3
Dodging        | 3 |  3.3
Armour         | 1 |  1.5
Fighting       | 4 |  4.0
Stealth        | |  2.1

Action                   |  1- 3 |  4- 6 || total
-------------------------+-------+-------++-------
Melee: Hand axe          |   122 |    50 ||   172
  Use: Potion            |     1 |     3 ||     4
 Stab: Sleeping          |     3 |     4 ||     7
  Eat: Chunk             |    10 |     7 ||    17
Armor: Robe              |     6 |       ||     6
       Leather armour    |    18 |    13 ||    31
Dodge: Dodged            |    80 |    41 ||   121
